 Dungeon Crawl Stone Soup version 0.28-a0-313-gbc0475efdd (webtiles) character file.

Game seed: 12548130195746206738

330 frimble the Chiller (level 6, 0/44 HPs)
             Began as a Gnoll Ice Elementalist on Sept 1, 2021.
             Slain by Edmund (5 damage)
             ... on level 4 of the Dungeon.
             The game lasted 00:03:02 (3597 turns).

frimble the Chiller (Gnoll Ice Elementalist)        Turns: 3597, Time: 00:03:02

Health: 0/44       AC: 10    Str:  7    XL:     6   Next: 51%
Magic:  6/14       EV: 17    Int: 17    God:
Gold:   136        SH:  0    Dex: 12    Spells: 8/15 levels left

rFire   . . .      SeeInvis .   k - +3 short sword (elec)
rCold   . . .      Faith    .   (no shield)
rNeg    . . .      Spirit   .   a - +0 robe
rPois   .          Reflect  .   f - +0 helmet
rElec   .          Harm     .   (no cloak)
rCorr   .          Rampage  .   (no gloves)
Will    .....                   (no boots)
Stlth   +++.......              (no amulet)
HPRegen 0.14/turn               b - +4 ring of evasion
MPRegen 0.14/turn               (no ring)

@: lethally poisoned (0 -> -13), ice-armoured, freezing walls
A: fangs 1, strong nose, distributed training
a: no special abilities


You were on level 4 of the Dungeon.
You visited 1 branch of the dungeon, and saw 4 of its levels.

You collected 136 gold pieces.

Inventory:

Hand Weapons
 k - a +3 short sword of electrocution (weapon)
Armour
 a - a +0 robe (worn)
 f - a +0 helmet (worn)
 j - a +0 pair of gloves
Jewellery
 b - a +4 ring of evasion (left hand)
Wands
 m - a wand of paralysis (5)
Potions
 c - 2 potions of mutation
 d - 2 potions of degeneration
 e - 2 potions of lignification
 g - a potion of brilliance {unknown}
 h - a potion of cancellation {unknown}
 i - a potion of might {unknown}
 l - a potion of heal wounds {unknown}


   Skills:
 + Level 2.0 Fighting
 + Level 2.0 Short Blades
 + Level 2.0 Long Blades
 + Level 2.0 Axes
 + Level 2.0 Maces & Flails
 + Level 2.0 Polearms
 + Level 2.0 Staves
 + Level 2.0 Slings
 + Level 2.0 Bows
 + Level 2.0 Crossbows
 + Level 2.0 Throwing
 + Level 2.0 Armour
 + Level 5.0 Dodging
 + Level 4.6 Stealth
 + Level 2.0 Shields
 + Level 2.0 Unarmed Combat
 + Level 5.4 Spellcasting
 + Level 1.5 Conjurations
 + Level 1.5 Hexes
 + Level 1.5 Summonings
 + Level 1.5 Necromancy
 + Level 1.5 Translocations
 + Level 1.5 Transmutations
 + Level 1.5 Fire Magic
 + Level 7.3 Ice Magic
 + Level 1.5 Air Magic
 + Level 1.5 Earth Magic
 + Level 1.5 Poison Magic
 + Level 2.2 Invocations
 + Level 2.0 Evocations


You had 8 spell levels left.
You knew the following spells:

 Your Spells              Type           Power      Damage    Failure   Level
a - Freeze                Ice            100%       1d11      1%          1
b - Frozen Ramparts       Ice            58%        1d7       1%          3
c - Ozocubu's Armour      Ice            29%        N/A       1%          3

Your spell library contained the following spells:

 Spells                   Type           Power      Damage    Failure   Level
 Blink                    Tloc           N/A        N/A       11%         2
 Lesser Beckoning         Tloc           9%         N/A       22%         3
 Hailstorm                Conj/Ice       19%        3d6       22%         4
 Manifold Assault         Tloc           9%         N/A       89%         5


Dungeon Overview and Level Annotations

Branches:
Dungeon (4/15)
 Temple: D:4-7

Altars:

Annotations:
D:4 Edmund


Innate Abilities, Weirdness & Mutations

You have very sharp teeth.
Your uncanny sense of smell can sniff out nearby items.
Your experience applies equally to all skills.


Message History

You feel very sick.
Edmund hits you with a +1 dire flail of venom.
You are more poisoned.
Casting: Freeze (safe; 1% risk of failure)
Confirm with . or Enter, or press ? or * to list all spells.
Aiming: Freeze (safe; 1% risk of failure)
Press: ? - help, Shift-Dir - straight line, f/p - Edmund
Aim: Edmund, wielding a +1 dire flail of venom and wearing a +0 ring mail (lightly wounded)
You freeze Edmund.
Edmund is lightly wounded.
You feel very sick. Edmund closely misses you.
Casting: Freeze (safe; 1% risk of failure)
Confirm with . or Enter, or press ? or * to list all spells.
A film of ice covers your body!
You feel very sick. Edmund closely misses you.
Casting: Ozocubu's Armour (safe; 1% risk of failure)
Confirm with . or Enter, or press ? or * to list all spells.
Casting: Frozen Ramparts (safe; 1% risk of failure)
Press: ? - help, Dir - look around, f - activate The walls around you are covered in ice.
You feel very sick.
The wall freezes Edmund.
Edmund hits you with a +1 dire flail of venom.
You are lethally poisoned!
You closely miss Edmund.
Edmund is moderately wounded.
* * * LOW HITPOINT WARNING * * *
You feel very sick.
The wall freezes Edmund.
Edmund mutters, "Who needs spells, anyway?"
Edmund hits you but does no damage.
You hit Edmund but do no damage. Lightning courses through Edmund!
Edmund is severely wounded.
* * * LOW HITPOINT WARNING * * *
You feel very sick.
The wall freezes Edmund.
Edmund hits you with a +1 dire flail of venom.
You die...

####################
#..................#
+..................#
#........(.........#
#..............<...#
#....@@............#
###############....#
....###...###....#
.................# ∆
..............$..#
.............)...#
...........†.....# ∆
.................#
.................#


You could see Edmund.

Vanquished Creatures
  A black bear (D:4)
  A scorpion (D:3)
  An iguana (D:4)
  A hound skeleton (D:4)
  7 adders
  An adder skeleton (D:4)
  A worm (D:2)
  2 dart slugs
  3 orcs
  6 ball pythons
  3 endoplasms (D:2)
  2 giant cockroaches
  2 goblins (D:1)
  10 hobgoblins
  3 jackals (D:2)
  6 kobolds
  4 quokkas
  4 bats
  2 rats
60 creatures vanquished.

Notes
Turn   | Place    | Note
-------+----------+-------------------------------------------
     0 | D:1      | frimble the Gnoll Ice Elementalist began the quest for the
                  | Orb.
     0 | D:1      | Reached XP level 1. HP: 13/13 MP: 6/6
   265 | D:1      | Reached XP level 2. HP: 19/19 MP: 5/7
   983 | D:2      | Reached XP level 3. HP: 14/25 MP: 5/9
  1146 | D:2      | Reached skill level 5 in Spellcasting
  1588 | D:2      | Learned a level 3 spell: Frozen Ramparts
  1592 | D:2      | Learned a level 3 spell: Ozocubu's Armour
  1734 | D:2      | Reached skill level 1 in Invocations
  1899 | D:2      | Reached skill level 1 in Fighting
  1899 | D:2      | Reached skill level 1 in Short Blades
  1899 | D:2      | Reached skill level 1 in Long Blades
  1899 | D:2      | Reached skill level 1 in Axes
  1899 | D:2      | Reached skill level 1 in Maces & Flails
  1899 | D:2      | Reached skill level 1 in Polearms
  1899 | D:2      | Reached skill level 1 in Staves
  1899 | D:2      | Reached skill level 1 in Slings
  1899 | D:2      | Reached skill level 1 in Bows
  1899 | D:2      | Reached skill level 1 in Crossbows
  1899 | D:2      | Reached skill level 1 in Throwing
  1899 | D:2      | Reached skill level 1 in Armour
  1899 | D:2      | Reached skill level 1 in Shields
  1899 | D:2      | Reached skill level 1 in Unarmed Combat
  1899 | D:2      | Reached skill level 1 in Evocations
  2003 | D:2      | Reached XP level 4. HP: 32/32 MP: 9/11
  2767 | D:3      | Reached skill level 1 in Conjurations
  2767 | D:3      | Reached skill level 1 in Hexes
  2767 | D:3      | Reached skill level 1 in Summonings
  2767 | D:3      | Reached skill level 1 in Necromancy
  2767 | D:3      | Reached skill level 1 in Translocations
  2767 | D:3      | Reached skill level 1 in Transmutations
  2767 | D:3      | Reached skill level 1 in Fire Magic
  2767 | D:3      | Reached skill level 1 in Air Magic
  2767 | D:3      | Reached skill level 1 in Earth Magic
  2767 | D:3      | Reached skill level 1 in Poison Magic
  3051 | D:3      | Noticed a scorpion
  3055 | D:3      | Killed a scorpion
  3056 | D:3      | Reached XP level 5. HP: 33/37 MP: 10/12
  3482 | D:4      | Noticed a black bear
  3493 | D:4      | Killed a black bear
  3494 | D:4      | Reached skill level 5 in Dodging
  3494 | D:4      | Reached XP level 6. HP: 41/44 MP: 10/14
  3583 | D:4      | Noticed Edmund
  3597 | D:4      | Slain by Edmund

Illustrated notes

Levels and vault maps discovered:
D:1:      zelgadis_glass_arrival_small, layout_rooms
D:2:      layout_basic, hangedman_decor_clover_reticule, minmay_tetromino_t2
D:3:      layout_basic, serial_glass, glass_columns_a, glass_columns_a,
          glass_columns_a
D:4:      layout_gridville, nicolae_ossuary_entry_catacombs,
          chequers_serial_rivers_micro_a, uniq_edmund

Skill      XL: |  1  2  3  4  5 |
---------------+----------------+-----
Spellcasting   | 5 |  5.4
Invocations    | 1 2 |  2.2
Fighting       | 1 2 |  2.0
Short Blades   | 1 2 |  2.0
Long Blades    | 1 2 |  2.0
Axes           | 1 2 |  2.0
Maces & Flails | 1 2 |  2.0
Polearms       | 1 2 |  2.0
Staves         | 1 2 |  2.0
Slings         | 1 2 |  2.0
Bows           | 1 2 |  2.0
Crossbows      | 1 2 |  2.0
Throwing       | 1 2 |  2.0
Armour         | 1 2 |  2.0
Shields        | 1 2 |  2.0
Unarmed Combat | 1 2 |  2.0
Evocations     | 1 2 |  2.0
Conjurations   | 1 |  1.5
Hexes          | 1 |  1.5
Summonings     | 1 |  1.5
Necromancy     | 1 |  1.5
Translocations | 1 |  1.5
Transmutations | 1 |  1.5
Fire Magic     | 1 |  1.5
Air Magic      | 1 |  1.5
Earth Magic    | 1 |  1.5
Poison Magic   | 1 |  1.5
Dodging        | 5 |  5.0
Stealth        | |  4.6
Ice Magic      | |  7.3

Action                   |  1- 3 |  4- 6 || total
-------------------------+-------+-------++-------
Melee: Unarmed           |    89 |    67 ||   156
       Bite              |     8 |     6 ||    14
       Short sword       |       |    58 ||    58
 Cast: Freeze            |    30 |     8 ||    38
       Ozocubu's Armour  |       |     2 ||     2
       Frozen Ramparts   |       |     1 ||     1
  Use: Scroll            |     3 |     4 ||     7
 Stab: Sleeping          |     6 |     9 ||    15
Armor: Robe              |    18 |    28 ||    46
Dodge: Dodged            |    68 |   107 ||   175

Table legend: (Time is in decaauts)
 A = Elapsed time spent in this place.
 B = Non-inter-level travel time spent in this place.
 C = Inter-level travel time spent in this place.
 D = Time resting spent in this place.
 E = Time spent auto-exploring this place.
 F = Levels seen in this place.
 G = Mean time per level.
                   A        B        C        D        E       F      G
               +--------+--------+--------+--------+--------+-----+--------+
         Total |   3595 |   3531 |     64 |      0 |   2942 |   4 |  898.8 |
       Dungeon |   3595 |   3531 |     64 |      0 |   2942 |   4 |  898.8 |
               +--------+--------+--------+--------+--------+-----+--------+

Top non-repeatable levels by time:
     D:2: 1601 daAuts
     D:1: 915 daAuts
     D:3: 816 daAuts
     D:4: 262 daAuts
